 Dungeon Crawl Stone Soup version 0.31-a0-981-geadf994542 (webtiles) character file.

Game seed: 12165996956434146375

110 AIAndy the Insei (level 4, -1/34 HPs)
             Began as a Gnoll Wanderer on Nov 1, 2023.
             Slain by a gnoll
             ... wielding a +0 spear
              (2 damage)
             ... on level 3 of the Dungeon.
             The game lasted 00:07:27 (1864 turns).

AIAndy the Insei (Gnoll Wanderer)                   Turns: 1864, Time: 00:07:27

Health: -1/34      AC:  2    Str: 10    XL:     4   Next: 91%
Magic:  3/11       EV: 12    Int: 14    God:
Gold:   64         SH:  5    Dex: 12    Spells: 12/13 levels left

rFire   . .          .
                       - Unarmed
rCold   + . .        (no shield)
rNeg    . . .        d - +0 robe
rPois   .            (no helmet)
rElec   .            (no cloak)
rCorr   .            (no gloves)
SInv    .            (no boots)
Will    .....        g - amulet of reflection
Stlth   ++           Z - ring of wizardry
HPRegen 0.25/turn    C - ring of protection from cold
MPRegen 0.12/turn

%: reflection, wizardry (x1)
@: no status effects
A: fangs 1, strong nose, distributed training
a: no special abilities


You were on level 3 of the Dungeon.
You visited 1 branch of the dungeon, and saw 3 of its levels.

You collected 64 gold pieces.


Innate Abilities, Weirdness & Mutations

You have very sharp teeth.
Your uncanny sense of smell can sniff out nearby items.
Your experience applies equally to all skills.


   Skills:
 + Level 2.8 Fighting
 + Level 1.3 Short Blades
 + Level 1.3 Long Blades
 + Level 1.3 Axes
 + Level 1.3 Maces & Flails
 + Level 1.3 Polearms
 + Level 1.3 Staves
 + Level 1.3 Ranged Weapons
 + Level 1.3 Throwing
 + Level 1.3 Armour
 + Level 1.3 Dodging
 + Level 1.3 Stealth
 + Level 1.3 Shields
 + Level 6.6 Unarmed Combat
 + Level 5.1 Spellcasting
 + Level 1.0 Conjurations
 + Level 1.0 Hexes
 + Level 1.0 Summonings
 + Level 1.0 Necromancy
 + Level 1.0 Translocations
 + Level 5.5 Transmutations
 + Level 1.0 Fire Magic
 + Level 1.0 Ice Magic
 + Level 1.0 Air Magic
 + Level 1.0 Earth Magic
 + Level 1.0 Poison Magic
 + Level 1.4 Invocations
 + Level 2.8 Evocations
 + Level 1.2 Shapeshifting


You had 12 spell levels left.
You knew the following spells:

 Your Spells              Type           Power      Damage    Failure   Level
z - Sting                 Tmut/Pois      48%        1d5       1%          1

Your spell library contained the following spells:

 Spells                   Type           Power      Damage    Failure   Level
 Passwall                 Tmut/Erth      10%        N/A       2%          2
 Sandblast                Erth           12%        2d6       4%          1
 Ignite Poison            Fire/Tmut/Pois 10%        N/A       8%          3
 Stone Arrow              Conj/Erth      12%        3d7       13%         3
 Petrify                  Tmut/Erth      12%        N/A       17%         4
 Brom's Barrelling Bould  Conj/Erth      6%         2d3       38%         4

Inventory:

Hand Weapons
 a - a +0 dagger
 u - a +1 whip of holy wrath
Armour
 d - a +0 robe (worn)
Jewellery
 f - an amulet of the acrobat
 g - an amulet of reflection (around neck)
 C - a ring of protection from cold (right hand)
 Z - a ring of wizardry (left hand)
Talismans
 r - a flux talisman
Wands
 b - a wand of polymorph (4)
Scrolls
 c - a scroll of blinking
 h - 5 scrolls of immolation {unknown}
 i - a scroll of fear {unknown}
 j - 4 scrolls of teleportation {unknown}
 k - 2 scrolls of enchant weapon {unknown}
 m - a scroll of poison {unknown}
 p - a scroll of fog {unknown}
 q - 2 scrolls of identify {unknown}
 s - a scroll of amnesia {unknown}
Potions
 e - a potion of attraction {!q}
 l - a potion of heal wounds {unknown}
 n - a potion of lignification {unknown}
 o - a potion of mutation {unknown}
 t - a potion of might {unknown}

Dungeon Overview and Level Annotations

Branches:
Dungeon (3/15)

Altars:

Shops:
D:2

* .. #.###.....
....#.....#
#........###
#....###..#
∆#....####.####
#............##
#....#####.#..#
#.. #..#.######
... ##@#......)
#g#.).....
#g#.......
#b....g...
##.#####.. #†#
#.# #.# #..


You could see 2 gnolls and a bat.


Message History

You closely miss the gnoll. The gnoll misses you.
The gnoll hits you from afar with a +0 spear.
* * * LOW HITPOINT WARNING * * *
Casting: Sting (safe; 1% risk of failure)
Confirm with . or Enter, or press ? or * to list all spells.
Aiming: Sting (safe; 1% risk of failure)
Press: ? - help, Shift-Dir - straight line, f - gnoll
Aim: a gnoll, wielding a +0 whip (75% to hit)
The sting hits the gnoll.
The gnoll is poisoned.
The gnoll is lightly wounded.
The gnoll barely misses you. x2
Casting: Sting (safe; 1% risk of failure)
Confirm with . or Enter, or press ? or * to list all spells.
Aiming: Sting (safe; 1% risk of failure)
Press: ? - help, Shift-Dir - straight line, f/p - gnoll
Aim: a gnoll, wielding a +0 whip (lightly wounded, poisoned, 75% to hit)
The sting hits the gnoll.
The gnoll looks even sicker.
The gnoll is lightly wounded.
You block the gnoll's attack. x2
Casting: Sting (safe; 1% risk of failure)
Confirm with . or Enter, or press ? or * to list all spells.
Aiming: Sting (safe; 1% risk of failure)
Press: ? - help, Shift-Dir - straight line, f/p - gnoll
Aim: a gnoll, wielding a +0 whip (lightly wounded, very poisoned, 75% to hit)
The sting hits the gnoll.
The gnoll looks even sicker.
The gnoll is moderately wounded.
The gnoll hits you with a +0 whip.
* * * LOW HITPOINT WARNING * * *
The gnoll hits you from afar with a +0 spear.
You die...

Skill      XL: |  1  2  3  4 |
---------------+-------------+-----
Spellcasting   | 5 |  5.1
Invocations    | 1 |  1.4
Short Blades   | 1 |  1.3
Long Blades    | 1 |  1.3
Axes           | 1 |  1.3
Maces & Flails | 1 |  1.3
Polearms       | 1 |  1.3
Staves         | 1 |  1.3
Ranged Weapons | 1 |  1.3
Throwing       | 1 |  1.3
Armour         | 1 |  1.3
Dodging        | 1 |  1.3
Stealth        | 1 |  1.3
Shields        | 1 |  1.3
Shapeshifting  | 1 |  1.2
Conjurations   | 1 |  1.0
Hexes          | 1 |  1.0
Summonings     | 1 |  1.0
Necromancy     | 1 |  1.0
Translocations | 1 |  1.0
Fire Magic     | 1 |  1.0
Ice Magic      | 1 |  1.0
Air Magic      | 1 |  1.0
Earth Magic    | 1 |  1.0
Poison Magic   | 1 |  1.0
Fighting       | |  2.8
Unarmed Combat | |  6.6
Transmutations | |  5.5
Evocations     | |  2.8

Action                     |  1- 3 |  4- 6 || total
---------------------------+-------+-------++-------
  Melee: Dagger            |    49 |       ||    49
         Punch             |     3 |       ||     3
         Bite              |     3 |     1 ||     4
         Unarmed           |    18 |    21 ||    39
   Cast: Sting             |    43 |    34 ||    77
   Stab: Sleeping          |     1 |       ||     1
 Armour: Robe              |    33 |    20 ||    53
  Dodge: Dodged            |    53 |    14 ||    67
  Block: Other             |     6 |     8 ||    14

Levels and vault maps discovered:
D:1:      ncdulo_watergridlock, layout_rooms
D:2:      minmay_spotlight, layout_basic, serial_shops,
          nicolae_shop_back_alley_shop, hangedman_abyss_or_decor_lesser_grid,
          minmay_quadrilaterals, uniq_terence
D:3:      layout_rooms

Notes
Turn   | Place    | Note
-------+----------+-------------------------------------------
     0 | D:1      | AIAndy the Gnoll Wanderer began the quest for the Orb.
     0 | D:1      | AIAndy set off with the following items: a +0 dagger, a
                  | wand of polymorph (4), a scroll of blinking, a +0 robe, a
                  | potion of attraction {!q}; and the following spell
                  | memorised: Sting; and the following spells available to
                  | memorise: Ignite Poison, Petrify.
     0 | D:1      | Reached XP level 1. HP: 17/17 MP: 6/6
   127 | D:1      | Reached XP level 2. HP: 14/23 MP: 7/7
   288 | D:1      | Reached XP level 3. HP: 28/28 MP: 6/9
   370 | D:1      | Reached skill level 5 in Spellcasting
   481 | D:1      | Reached skill level 1 in Invocations
   830 | D:2      | Reached skill level 1 in Short Blades
   830 | D:2      | Reached skill level 1 in Long Blades
   830 | D:2      | Reached skill level 1 in Axes
   830 | D:2      | Reached skill level 1 in Maces & Flails
   830 | D:2      | Reached skill level 1 in Polearms
   830 | D:2      | Reached skill level 1 in Staves
   830 | D:2      | Reached skill level 1 in Ranged Weapons
   830 | D:2      | Reached skill level 1 in Throwing
   830 | D:2      | Reached skill level 1 in Armour
   830 | D:2      | Reached skill level 1 in Dodging
   830 | D:2      | Reached skill level 1 in Stealth
   830 | D:2      | Reached skill level 1 in Shields
  1013 | D:2      | Noticed Terence
  1028 | D:2      | Killed Terence
  1029 | D:2      | Reached skill level 1 in Shapeshifting
  1029 | D:2      | Reached XP level 4. HP: 30/34 MP: 3/11
  1307 | D:2      | Reached skill level 1 in Conjurations
  1307 | D:2      | Reached skill level 1 in Hexes
  1307 | D:2      | Reached skill level 1 in Summonings
  1307 | D:2      | Reached skill level 1 in Necromancy
  1307 | D:2      | Reached skill level 1 in Translocations
  1307 | D:2      | Reached skill level 1 in Fire Magic
  1307 | D:2      | Reached skill level 1 in Ice Magic
  1307 | D:2      | Reached skill level 1 in Air Magic
  1307 | D:2      | Reached skill level 1 in Earth Magic
  1307 | D:2      | Reached skill level 1 in Poison Magic
  1442 | D:2      | Found Myuti's Assorted Antiques.
  1864 | D:3      | HP: 1/34 [gnoll/+0 whip (5)]
  1864 | D:3      | Slain by a gnoll

Vanquished Creatures
  Terence (D:2)
  2 gnolls
  An adder (D:3)
  A worm (D:2)
  A dart slug (D:1)
  8 endoplasms
  2 giant cockroaches
  3 goblins (D:1)
  4 hobgoblins
  2 jackals (D:1)
  6 kobolds
  2 quokkas (D:2)
  8 ball pythons
  4 bats
  2 frilled lizards (D:1)
  7 rats
54 creatures vanquished.

Table legend: (Time is in decaauts)
 A = Elapsed time spent in this place.
 B = Non-inter-level travel time spent in this place.
 C = Inter-level travel time spent in this place.
 D = Time resting spent in this place.
 E = Time spent auto-exploring this place.
 F = Levels seen in this place.
 G = Mean time per level.
                   A        B        C        D        E       F      G
               +--------+--------+--------+--------+--------+-----+--------+
         Total |   1857 |   1820 |     37 |      0 |   1483 |   3 |  619.0 |
       Dungeon |   1857 |   1820 |     37 |      0 |   1483 |   3 |  619.0 |
               +--------+--------+--------+--------+--------+-----+--------+

Top non-repeatable levels by time:
     D:2: 1044 daAuts
     D:1: 709 daAuts
     D:3: 103 daAuts

Table legend:
 A = Non-vault XP
 B = Vault XP
 C = Vault XP percentage of total XP
 D = Non-vault monster count
 E = Vault monster count
 F = Vault count percentage of total count
                 A         B        C        D         E       F
            +---------+---------+-------+---------+---------+-------
      Total |     106 |      52 |  32.9 |      42 |      12 |  22.2
            +---------+---------+-------+---------+---------+-------
        D:1 |      56 |       0 |   0.0 |      25 |       0 |   0.0
        D:2 |      16 |      52 |  76.5 |      10 |      12 |  54.5
        D:3 |      34 |       0 |   0.0 |       7 |       0 |   0.0
            +---------+---------+-------+---------+---------+-------
